 Dungeon Crawl Stone Soup version 0.22.0-5-gf09313c (webtiles) character file.

3350 Lauz the Carver (level 9, 0/112 HPs)
             Began as a Black Draconian Berserker on Aug 13, 2018.
             Was an Elder of Trog.
             Splashed by a jelly's acid (7 damage)
             ... on level 6 of the Dungeon.
             The game lasted 00:42:40 (8458 turns).

Lauz the Carver (Black Draconian Berserker)         Turns: 8458, Time: 00:42:42

Health: 0/112      AC: -1    Str: 27      XL:     9   Next: 72%
Magic:  9/9        EV: 14    Int:  7      God:    Trog [****..]
Gold:   274        SH:  0    Dex:  9 (12) Spells: 8/8 levels left

rFire    . . .     SeeInvis .   a - +0 falchion
rCold    . . .     Gourm    .   (no shield)
rNeg     . . .     Faith    .   (armour unavailable)
rPois    +         Spirit   .   (helmet restricted)
rElec    +         Reflect  .   (no cloak)
rCorr    .         Harm     .   (no gloves)
MR       .....                  (no boots)
Stlth    ..........             (no amulet)
HPRegen  0.28/turn              j - ring of poison resistance
MPRegen  0.11/turn              (no ring)

@: berserking, lethally poisoned (0 -> 0), short of breath, corroded, very quick
A: breathe lightning, unfitting armour, electricity resistance, cold-blooded, AC
+7
a: Breathe Lightning, Berserk, Trog's Hand, Brothers in Arms, Renounce Religion


You were on level 6 of the Dungeon.
You worshipped Trog.
Trog was greatly pleased with you.
You were hungry.

You visited 1 branch of the dungeon, and saw 7 of its levels.
You also visited: Ossuary.

You collected 274 gold pieces.

Inventory:

Hand Weapons
 a - a +0 falchion (weapon)
 g - a +0 dagger of draining
 k - a +0 dagger of freezing
Jewellery
 j - a ring of poison resistance (left hand)
 l - an uncursed ring of see invisible {unknown}
 o - an uncursed ring of stealth {unknown}
Scrolls
 b - a scroll of torment {unknown}
 c - 9 scrolls of identify
 f - 5 scrolls of remove curse {unknown}
 h - 5 scrolls of teleportation
 m - a scroll of amnesia {unknown}
 q - a scroll of magic mapping {unknown}
 r - 3 scrolls of enchant armour {unknown}
 u - 2 scrolls of blinking {unknown}
 w - a scroll of brand weapon {unknown}
 y - a scroll of holy word {unknown}
 D - a scroll of vulnerability {unknown}
Potions
 d - 3 potions of resistance {unknown}
 e - a potion of invisibility {unknown}
 i - 5 potions of curing {unknown}
 n - a potion of ambrosia {unknown}
 p - a potion of brilliance {unknown}
 s - 2 potions of mutation {unknown}
 t - a potion of haste {unknown}
 v - a potion of agility {unknown}
 z - a potion of heal wounds {unknown}
 B - 3 potions of might {unknown}
Miscellaneous
 A - a crystal ball of energy
Comestibles
 x - a ration


   Skills:
 + Level 6.3 Fighting
 * Level 11.4 Long Blades
 * Level 6.2 Dodging
 - Level 2.0 Stealth


You had 8 spell levels left.
You didn't know any spells.
Your spell library was empty.

Dungeon Overview and Level Annotations

Branches:
Dungeon (7/15)             Temple (0/1) D:5

Altars:
Nemelex Xobeh
Ru
Sif Muna
Trog
Uskayaw

Shops:
D:4 %

Annotations:
D:4 3 runed doors, Unprinted's ghost, amateur MiBe


Innate Abilities, Weirdness & Mutations

You can breathe wild blasts of lightning.
Your glossy black scales are hard. (AC +7)
You cannot fit into any form of body armour.
You are resistant to electric shocks. (rElec)
You are cold-blooded and may be slowed by cold attacks.


Message History

You hear a mighty clap of thunder!
The bolt of lightning hits the hippogriff.
The hippogriff is almost dead.
The orb of electricity explodes!
The orb of electricity engulfs the hippogriff.
You kill the hippogriff!
Trog accepts your kill.
You feel your dexterity returning. The orb of electricity engulfs you!
You resist.
You feel somewhat more hungry.
You feel sick. The jelly hits you.
* * * LOW HITPOINT WARNING * * *
The acid corrodes you!
You are splashed with acid!
The acid burns!
* * * LOW HITPOINT WARNING * * *
A red film seems to cover your vision as you go berserk!
You feel yourself moving faster!
You feel mighty!
You are feeling hungry.
The jelly hits you.
* * * LOW HITPOINT WARNING * * *
You are splashed with acid!
The acid burns!
You die...

########### ######
..........# ###.....
#####.....#######.......
.......@................
#####.J...<.............
#......######.......
####.##.# #.......
..#.##.# #.......
#####.# #.#.##.#
####....... ......#
##.#.##.###.#########
####### #............#
#.......###.##


You could see a jelly.

Vanquished Creatures
  The ghost of Rayvis the Wallflower, a novice DsWn of Uskayaw (D:5)
  Prince Ribbit (D:6)
  A hippogriff (D:6)
  Sigmund (D:3)
  Eustachio (D:4)
  Menkaure (D:6)
  An ice beast (D:5)
  2 ogres
  4 bullfrogs
  13 scorpions
  5 killer bees
  A howler monkey (D:4)
  2 crimson imps
  2 centaur zombies (Ossuary)
  A quasit (D:6)
  2 human zombies (Ossuary)
  An orc priest (D:3)
  A hound (D:4)
  5 orc wizards (D:3)
  2 worker ants (D:6)
  An iguana (D:7)
  4 big kobold zombies (Ossuary)
  A hound zombie (D:5)
  3 mummies (Ossuary)
  A worker ant zombie (D:5)
  7 gnolls
  A howler monkey skeleton (D:4)
  6 adders
  2 river rats (D:6)
  3 scorpion zombies (Ossuary)
  2 shadow imps
  An adder zombie (D:5)
  3 worms
  2 dart slugs (D:2)
  3 leopard geckos
  12 orcs
  5 giant cockroaches
  3 hobgoblins
  4 jackals
  6 kobolds
  A quokka (D:7)
  3 ball pythons
  3 bats
  4 frilled lizards (D:3)
  3 gnoll zombies (Ossuary)
  5 goblins
  2 goblin zombies
  2 hobgoblin zombies (Ossuary)
  3 kobold zombies (Ossuary)
  An orc zombie (Ossuary)
  A quokka zombie (D:5)
  8 rats
154 creatures vanquished.

Vanquished Creatures (others)
  An orc wizard (D:3)
  A goblin zombie (Ossuary)
2 creatures vanquished.

Grand Total: 156 creatures vanquished

Notes
Turn   | Place    | Note
-------+----------+-------------------------------------------
     0 | D:1      | Lauz the Draconian Berserker began the quest for the Orb.
     0 | D:1      | Reached XP level 1. HP: 19/19 MP: 1/1
   490 | D:2      | Reached XP level 2. HP: 20/26 MP: 2/2
   928 | D:2      | Reached XP level 3. HP: 33/33 MP: 3/3
   994 | D:2      | Reached skill level 4 in Long Blades
  1347 | D:3      | Reached ** piety under Trog
  1507 | D:3      | Noticed a bullfrog
  1525 | D:2      | Killed a bullfrog
  1525 | D:2      | Reached skill level 5 in Long Blades
  1525 | D:2      | Reached XP level 4. HP: 5/40 MP: 4/4
  1793 | D:2      | Reached XP level 5. HP: 38/46 MP: 5/5
  2180 | D:3      | Noticed Sigmund
  2196 | D:3      | Killed Sigmund
  2196 | D:3      | Reached skill level 6 in Long Blades
  2196 | D:3      | Reached XP level 6. HP: 53/53 MP: 6/6
  2291 | D:3      | Reached skill level 1 in Stealth
  2841 | D:3      | Reached skill level 7 in Long Blades
  3383 | D:3      | Found a sacrificial altar of Ru.
  3390 | D:3      | Your scales start taking on a glossy black colour.
  3390 | D:3      | Reached XP level 7. HP: 60/60 MP: 7/7
  3390 | D:3      | Gained mutation: You are resistant to electric shocks. (rElec) [Black Draconian growth]
  3823 | D:4      | Reached *** piety under Trog
  3826 | D:4      | Found a bloodstained altar of Trog.
  3826 | D:4      | Found a hide-covered altar of Uskayaw.
  3944 | D:4      | Found Sytuoval's Food Boutique.
  3980 | D:4      | Reached skill level 8 in Long Blades
  4087 | D:4      | Reached skill level 5 in Fighting
  4255 | D:4      | Found a sparkling altar of Nemelex Xobeh.
  4284 | D:4      | Noticed Eustachio
  4312 | D:4      | Killed Eustachio
  4312 | D:4      | Reached XP level 8. HP: 25/68 MP: 8/8
  4604 | D:4      | Found a runed gate.
  4604 | D:4      | Found a runed gate.
  4604 | D:4      | Found a runed gate.
  4604 | D:4      | Noticed Unprinted's ghost (amateur MiBe)
  4671 | D:5      | Entered Level 5 of the Dungeon
  4696 | D:5      | Found a staircase to the Ecumenical Temple.
  4790 | D:5      | Found a transporter.
  4834 | D:5      | Found a sand-covered staircase.
  4843 | Ossuary  | Entered an ossuary
  5225 | Ossuary  | Reached skill level 9 in Long Blades
  5916 | D:5      | Found a transporter.
  5917 | D:5      | Noticed Rayvis's ghost (novice DsWn)
  5996 | D:5      | Reached skill level 10 in Long Blades
  6541 | D:5      | Killed Rayvis's ghost
  6541 | D:5      | Reached XP level 9. HP: 75/75 MP: 9/9
  6677 | D:6      | Reached **** piety under Trog
  6686 | D:6      | Found a deep blue altar of Sif Muna.
  6719 | D:6      | Noticed Prince Ribbit
  6737 | D:6      | Noticed Menkaure
  6746 | D:6      | Killed Menkaure
  6750 | D:6      | Killed Prince Ribbit
  6750 | D:6      | Reached skill level 5 in Dodging
  7254 | D:6      | Reached skill level 11 in Long Blades
  8082 | D:6      | HP: 3/112 [killer bee (9)]
  8089 | D:6      | HP: 2/75 [poisoned by a killer bee]
  8095 | D:6      | HP: 2/75 [poisoned by a killer bee]
  8458 | D:6      | Splashed by a jelly's acid

Skill      XL: |  1  2  3  4  5  6  7  8  9 |
---------------+----------------------------+-----
Long Blades    | 5 6 7 8 10 11 | 11.4
Fighting       | 4 5 6 |  6.3
Stealth        | 1 2 |  2.0
Dodging        | 3 4 6 |  6.2

Action                   |  1- 3 |  4- 6 |  7- 9 || total
-------------------------+-------+-------+-------++-------
Melee: Falchion          |    93 |    98 |   501 ||   692
       Tailslap          |    16 |    11 |    97 ||   124
Invok: Berserk           |     2 |     4 |     7 ||    13
 Abil: Breathe Lightning |       |       |     2 ||     2
  Use: Scroll            |       |     1 |     1 ||     2
 Stab: Sleeping          |       |     2 |     1 ||     3
       Paralysed         |       |       |     3 ||     3
  Eat: Chunk             |     3 |    11 |     6 ||    20
       Ration            |       |       |     5 ||     5
Armor: Skin              |    35 |    19 |   178 ||   232
Dodge: Dodged            |    72 |    58 |   373 ||   503
       Rpst.: Falchion   |    15 |    18 |    83 ||   116
